 Dungeon Crawl Stone Soup version 0.30.0-5-g1a98f26d00 (webtiles) character file.

Game seed: 1632077425656919597

37 SeerSkye the Changer (level 3, -5/28 HPs)
             Began as a Gnoll Wanderer on May 9, 2023.
             Slain by Terence
             ... wielding a +0 falchion
              (7 damage)
             ... on level 2 of the Dungeon.
             The game lasted 00:09:23 (946 turns).

SeerSkye the Changer (Gnoll Wanderer)                Turns: 946, Time: 00:09:24

Health: -5/28      AC:  3    Str: 17    XL:     3   Next: 39%
Magic:  2/7        EV: 11    Int: 10    God:
Gold:   80         SH:  0    Dex:  8    Spells: 3/7 levels left

rFire   . . .        a - +0 dagger
rCold   . . .        (no shield)
rNeg    . . .        d - +0 leather armour
rPois   .            (no helmet)
rElec   .            (no cloak)
rCorr   .            (no gloves)
SInv    .            (no boots)
Will    .....        (no amulet)
Stlth   +            (no ring)
HPRegen 0.24/turn    (no ring)
MPRegen 0.10/turn

%: no passive effects
@: no status effects
A: fangs 1, strong nose, distributed training
a: no special abilities


You were on level 2 of the Dungeon.
You visited 1 branch of the dungeon, and saw 2 of its levels.

You collected 80 gold pieces.

Inventory:

Hand Weapons
 a - a +0 dagger (weapon)
Missiles
 b - 8 boomerangs (quivered)
Armour
 d - a +0 leather armour (worn)
Scrolls
 c - a scroll of fear
 h - a scroll of immolation
Potions
 f - a potion of flight


   Skills:
 + Level 2.6 Fighting
 + Level 0.8 Short Blades
 + Level 0.8 Long Blades
 + Level 0.8 Axes
 + Level 0.8 Maces & Flails
 + Level 0.8 Polearms
 + Level 0.8 Staves
 + Level 0.8 Ranged Weapons
 + Level 4.5 Throwing
 + Level 0.8 Armour
 + Level 2.6 Dodging
 + Level 0.8 Stealth
 + Level 0.8 Shields
 + Level 0.8 Unarmed Combat
 + Level 2.8 Spellcasting
 + Level 0.5 Conjurations
 + Level 0.5 Hexes
 + Level 0.5 Summonings
 + Level 0.5 Necromancy
 + Level 0.5 Translocations
 + Level 5.4 Transmutations
 + Level 0.5 Fire Magic
 + Level 2.1 Ice Magic
 + Level 0.5 Air Magic
 + Level 0.5 Earth Magic
 + Level 0.5 Poison Magic
 + Level 2.6 Invocations
 + Level 0.8 Evocations


You had 3 spell levels left.
You knew the following spells:

 Your Spells              Type           Power      Damage    Failure   Level
a - Beastly Appendage     Tmut           24%        N/A       3%          1
b - Sting                 Tmut/Pois      28%        1d4       10%         1
c - Wereblood             Tmut           12%        N/A       5%          2

Your spell library contained the following spells:

 Spells                   Type           Power      Damage    Failure   Level
 Freeze                   Ice            20%        1d4       14%         1
 Lesser Beckoning         Tloc           4%         N/A       38%         2
 Frozen Ramparts          Ice            10%        1d2       38%         3
 Hailstorm                Conj/Ice       4%         3d4       52%         3
 Gell's Gravitas          Tloc           2%         N/A       63%         3
 Teleport Other           Tloc           2%         N/A       63%         3
 Arcjolt                  Conj/Air       1%         1d11      100%        5
 Fireball                 Conj/Fire      1%         3d3       100%        5


Dungeon Overview and Level Annotations

Branches:
Dungeon (2/15) Zot: 11050

Altars:

Annotations:
D:2 Terence


Innate Abilities, Weirdness & Mutations

You have very sharp teeth.
Your uncanny sense of smell can sniff out nearby items.
Your experience applies equally to all skills.


Message History

Terence closely misses you.
Casting: Sting (safe; 10% risk of failure)
Confirm with . or Enter, or press ? or * to list all spells.
Aiming: Sting (safe; 10% risk of failure)
Press: ? - help, Shift-Dir - straight line, f/p - Terence
Aim: Terence, wielding a +0 falchion and wearing a +0 scale mail (lightly wounded, very poisoned, 72% to hit)
The sting misses Terence.
Terence barely misses you.
Casting: Sting (safe; 10% risk of failure)
Confirm with . or Enter, or press ? or * to list all spells.
Aiming: Sting (safe; 10% risk of failure)
Press: ? - help, Shift-Dir - straight line, f/p - Terence
Aim: Terence, wielding a +0 falchion and wearing a +0 scale mail (lightly wounded, very poisoned, 72% to hit)
The sting hits Terence but does no damage.
Terence looks as sick as possible!
Terence is lightly wounded.
Terence hits you with a +0 falchion.
You hit Terence but do no damage.
Terence is moderately wounded.
Terence hits you with a +0 falchion!
* * * LOW HITPOINT WARNING * * *
Throw: 8 boomerangs
Press: ? - help, Q - select action, (/) - cycle Shift-Dir - straight line, f/p - Terence
Aim: Terence, wielding a +0 falchion and wearing a +0 scale mail (moderately wounded, extremely poisoned, 61% to hit)
You throw a boomerang. The boomerang hits Terence.
Terence is severely wounded.
Terence hits you with a +0 falchion.
* * * LOW HITPOINT WARNING * * *
Throw: 8 boomerangs
Press: ? - help, Q - select action, (/) - cycle Shift-Dir - straight line, f/p - Terence
Aim: Terence, wielding a +0 falchion and wearing a +0 scale mail (severely wounded, extremely poisoned, 61% to hit)
You throw a boomerang. The boomerang hits Terence.
Terence is severely wounded.
Terence hits you with a +0 falchion.
* * * LOW HITPOINT WARNING * * *
Throw: 8 boomerangs
Press: ? - help, Q - select action, (/) - cycle Shift-Dir - straight line, f/p - Terence
Aim: Terence, wielding a +0 falchion and wearing a +0 scale mail (almost dead, very poisoned, 61% to hit)
You throw a boomerang. The boomerang closely misses Terence.
Terence hits you with a +0 falchion!
You die...

#)# #.# #.#
#.# ∆ #.#
#.# #)#
.#########.#
......@@...#
############


You could see Terence (very poisoned).

Vanquished Creatures
  An adder (D:2)
  A dart slug (D:1)
  4 ball pythons (D:1)
  2 bats (D:1)
  2 endoplasms (D:1)
  A giant cockroach (D:1)
  5 jackals
  A quokka (D:1)
  A frilled lizard (D:1)
  4 goblins
  2 rats
24 creatures vanquished.

Notes
Turn   | Place    | Note
-------+----------+-------------------------------------------
     0 | D:1      | SeerSkye the Gnoll Wanderer began the quest for the Orb.
     0 | D:1      | SeerSkye set off with the following items: a +0 dagger, 8
                  | boomerangs, a scroll of fear, a +0 leather armour; and the
                  | following spells available to memorise: Beastly Appendage,
                  | Wereblood, Sting, Freeze, Frozen Ramparts.
     0 | D:1      | Reached XP level 1. HP: 17/17 MP: 4/4
     7 | D:1      | Learned a level 1 spell: Beastly Appendage
     9 | D:1      | Learned a level 1 spell: Sting
   173 | D:1      | Reached XP level 2. HP: 15/23 MP: 2/5
   407 | D:1      | Learned a level 2 spell: Wereblood
   554 | D:1      | Reached XP level 3. HP: 28/28 MP: 7/7
   826 | D:2      | Identified a scroll of acquirement
   828 | D:2      | Acquired Puireole's Collected Works on Arcane Combat
   934 | D:2      | Noticed Terence
   946 | D:2      | Slain by Terence

Illustrated notes

Levels and vault maps discovered:
D:1:      matt_arrival_los_fun, layout_basic
D:2:      layout_loops_ring, basic_altar, basic_ecumenical_altar,
          amcnicky_mini_pool_small, uniq_terence, uniq_crazy_yiuf_cottage

Skill      XL: |  1 |
---------------+----+-----
Ice Magic      | 2 |  2.1
Fighting       | |  2.6
Short Blades   | |  0.8
Long Blades    | |  0.8
Axes           | |  0.8
Maces & Flails | |  0.8
Polearms       | |  0.8
Staves         | |  0.8
Ranged Weapons | |  0.8
Throwing       | |  4.5
Armour         | |  0.8
Dodging        | |  2.6
Stealth        | |  0.8
Shields        | |  0.8
Unarmed Combat | |  0.8
Spellcasting   | |  2.8
Conjurations   | |  0.5
Hexes          | |  0.5
Summonings     | |  0.5
Necromancy     | |  0.5
Translocations | |  0.5
Transmutations | |  5.4
Fire Magic     | |  0.5
Air Magic      | |  0.5
Earth Magic    | |  0.5
Poison Magic   | |  0.5
Invocations    | |  2.6
Evocations     | |  0.8

Action                     || total
---------------------------++-------
  Melee: Dagger            ||    39
         Bite              ||     3
         Kick              ||     1
         Punch             ||     1
  Throw: Boomerang         ||    40
   Cast: Sting             ||    16
         Beastly Appendage ||     3
    Use: Scroll            ||     4
 Armour: Leather armour    ||    13
  Dodge: Dodged            ||    43
